Cogmind - Beta 14 @@@ ROGUE MODE // 2024.08.10 @ 17:27:59 Player: Sionnis Result: Destroyed by Piercing Trap Performance ------------- Evolutions (0) 0 Regions Visited (2) 400 Robots Destroyed (26) 130 Value Destroyed (814) 814 Prototype IDs (11) 220 Alien Tech Used (0) 0 Bonus (0) 0 TOTAL SCORE: 1564 Bonus ------- None Cogmind --------- Core Integrity 0/250 Matter 300/300 Energy 98/100 System Corruption 0% Temperature Cool (0) Movement Rolling (130) Ox2 Location -10/Subcaves Parts ------- > --- POWER (1) -------- (None) > --- PROPULSION (2) --- Subdweller Monowheel Subdweller Monowheel > --- UTILITY (2) ------ Huge Storage Unit > --- WEAPON (2) ------- Subdweller Laser Grenade Launcher > --- INVENTORY (25) --- Light Treads Compact Wheel Flight Unit Flight Unit Flight Unit Medium Storage Unit Subdweller Optics Sensor Array Signal Interpreter Transport Network Coupler ECM Suite Hacking Suite Makeshift System Shield Dirty Datajack (20) Datajack Flail Makeshift Axe Peak State ------------ > --- POWER ------------ Light Nuclear Core > --- PROPULSION ------- Light Treads Light Treads > --- UTILITY ---------- Huge Storage Unit Light Armor Plating > --- WEAPON ----------- Powered Cannon > --- INVENTORY -------- Subdweller Power Source Light Treads Compact Wheel Flight Unit Flight Unit Flight Unit Medium Storage Unit Subdweller Optics Sensor Array Signal Interpreter Transport Network Coupler ECM Suite Light Armor Plating Light Armor Plating Hacking Suite Particle Gun Light Cannon Grenade Launcher Datajack Flail [Rating: 23] Favorites ----------- Power Ion Engine Engine Ion Engine Power Core Light Nuclear Core Propulsion Light Treads Treads Light Treads Wheel Subdweller Monowheel Utility Light Armor Plating Device Heat Sink Storage Huge Storage Unit Protection Light Armor Plating Weapon Light Cannon Energy Gun Particle Gun Energy Cannon Subdweller Beam Cannon Ballistic Gun Light Assault Rifle Ballistic Cannon Light Cannon Launcher Grenade Launcher Impact Weapon Flail Build | -11 -10 -10 ------- Run | Yrd Mat Sub Slots Evolved . | . . . Power . | . . . Propulsion . | . . . Utility . | . . . Weapon . | . . . Parts Attached 43 | 7 13 23 Power 8 | 1 2 5 Engine 6 | 1 2 3 Core 2 | . . 2 Reactor . | . . . Propulsion 9 | 2 3 4 Treads 7 | 2 3 2 Leg . | . . . Wheel 2 | . . 2 Hover . | . . . Flight . | . . . Utility 10 | 1 6 3 Device 1 | . 1 . Storage 3 | 1 2 . Processor . | . . . Hackware . | . . . Protection 6 | . 3 3 Artifact . | . . . Weapon 16 | 3 2 11 Energy Gun 7 | 2 1 4 Energy Cannon 2 | . . 2 Ballistic Gun 2 | 1 . 1 Ballistic Cannon 3 | . 1 2 Launcher 1 | . . 1 Special Weapon . | . . . Impact Weapon 1 | . . 1 Slashing Weapon . | . . . Piercing Weapon . | . . . Special Melee Weapon . | . . . Unidentified Prototypes . | . . . Parts Lost 13 | . . 13 Power 3 | . . 3 Propulsion 3 | . . 3 Utility 4 | . . 4 Weapon 3 | . . 3 Highest Loss Streak 8 | . . 8 To Critical Strikes . | . . . Average Slot Usage (%) 95 | . 98 93 Engine 14 | . 14 14 Treads 26 | . 27 25 Storage 13 | . 14 13 Protection 12 | . 12 12 Energy Gun 5 | . 14 2 Energy Cannon 8 | . . 11 Ballistic Gun 1 | . 6 . Ballistic Cannon 8 | . 7 9 Peak Build Rating 23 | 6 10 23 Average Rating 13 | 4 9 14 On Entrance 5 | . 6 10 Naked Turns . | . . . Heaviest Build 102 | 13 94 102 Greatest Support 40 | 40 40 40 Greatest Overweight (x) 5 | 4 4 5 Average Overweight (x) 1 | . . 2 Largest Inventory Capacity 25 | 8 25 25 Average Capacity 23 | 7 18 25 Most Carried 22 | 3 21 22 Average Carried 18 | 1 14 20 Final Capacity 25 | 8 25 25 Final Carried 20 | 2 20 17 Class Distribution -------------------- 100% | Mutant Dominant Class ---------------- Mutant | -10/Materials Mutant | -10/Subcaves Resources | -11 -10 -10 ----------- Run | Yrd Mat Sub Matter Collected 803 | 188 239 376 Remotely . | . . . Salvage Created 771 | . 418 353 Parts 53 | . 36 17 Haulers Intercepted 2 | . 2 . Recyclers Shooed . | . . . Parts Field Recycled . | . . . Retrieved Matter . | . . . Parts Self-Destructed 10 | . . 10 Prevented . | . . . Kills | -11 -10 -10 ------- Run | Yrd Mat Sub Combat Hostiles Destroyed 21 | . 9 12 Guns 9 | . 9 . Cannons 7 | . . 7 AOE 4 | . . 4 Classes Destroyed 7 | . 5 2 Hauler 2 | . 2 . Operator 1 | . 1 . Watcher 2 | . 2 . Swarmer 3 | . 3 . Grunt 7 | . 6 1 Sentry 1 | . . 1 Subdweller 10 | . . 10 Best Kill Streak 3 | . 3 2 Combat Bots Only 3 | . 3 2 Max Kills in Single Turn 1 | . 1 1 Gunslinging . | . . . Exploded 1 | . . 1 Melee . | . . . Uniques/NPCs Destroyed . | . . . Combat | -11 -10 -10 -------- Run | Yrd Mat Sub Hostile Shots Fired 130 | . 39 91 Missed 32 | . 8 24 Damage Taken 2086 | . 417 1669 Core 252 | . 42 210 Absorbed by Shields . | . . . Regen/Repaired (Parts) 110 | . 110 . Core Remaining (%) 100 | 100 . . Volleys Fired 104 | . 48 56 Largest 2 | . 2 2 Hottest 115 | . 100 115 Shots Fired 167 | . 92 75 Gun 100 | . 89 11 Cannon 60 | . 3 57 Launcher 7 | . . 7 Special . | . . . Kinetic 73 | . 48 25 Thermal 87 | . 44 43 Explosive 7 | . . 7 Electromagnetic . | . . . Robot Hit Streak 13 | . 9 13 Robot Miss Streak 5 | . 5 2 Penetration Max . | . . . Secondary Targets 1 | . 1 . Max Gunslinging Chain 1 | . 1 . Shots Hit Robots 108 | . 54 54 Core Hits 42 | . 26 16 Critical Kills 1 | . . 1 Critical Parts Destroyed . | . . . Critical Strikes 1 | . . 1 Meltdown 1 | . . 1 Melee Attacks 5 | . . 5 Impact 5 | . . 5 Slashing . | . . . Piercing . | . . . Sneak Attacks . | . . . Combat Hostiles . | . . . Follow-up Attacks . | . . . Damage Inflicted 2338 | . 606 1732 Guns 732 | . 551 181 Cannons 1281 | . 55 1226 Explosions 325 | . . 325 Melee . | . . . Ramming . | . . . Kinetic 592 | . 264 328 Thermal 1421 | . 342 1079 Explosive 325 | . . 325 Electromagnetic . | . . . Impact . | . . . Slashing . | . . . Piercing . | . . . Highest Corruption . | . . . Average Corruption . | . . . Corruption Purged . | . . . Corruption Blocked . | . . . Overload Shots . | . . . Overflow Damage . | . . . Projectiles . | . . . Explosions . | . . . Melee . | . . . Knockbacks 4 | . . 4 Impact . | . . . Kinetic 4 | . . 4 Secondary . | . . . Self-Inflicted Damage 22 | . . 22 Shots 2 | . . 2 Rammed . | . . . Targets Rammed . | . . . Kicked . | . . . Crushed . | . . . Highest Temperature 239 | . 239 16 Average Temperature 60 | . 69 7 Received Heat Transfer 339 | . 231 108 Siege Activations . | . . . Robots Corrupted . | . . . Combat Hostiles . | . . . Parts Fried . | . . . Impact Corruptions . | . . . Robots Melted 1 | . . 1 Combat Hostiles 1 | . . 1 Parts Melted 1 | . . 1 Heat Transferred 1186 | . 888 298 Parts Sabotaged . | . . . Parts Stolen . | . . . Parts Stripped . | . . . Power Chain Reactions . | . . . Alert | -11 -10 -10 ------- Run | Yrd Mat Sub Peak Influence 215 | . 215 . Initial . | . . . Average 38 | . 40 . Maximum Alert Level 1 | . 1 . Low Security (%) 98 | 100 98 . Level 1 1 | . 1 . Level 2 . | . . . Level 3 . | . . . Level 4 . | . . . Level 5 . | . . . High Security . | . . . Max Security . | . . . Squads Dispatched . | . . . Investigation . | . . . Extermination . | . . . Reinforcement . | . . . Assault . | . . . Garrison . | . . . Intercept . | . . . Searches Triggered . | . . . Construction Impeded . | . . . Haulers Reinforced . | . . . Active Scanning Responses . | . . . Cargo Convoy Interrupts . | . . . Stealth | -11 -10 -10 --------- Run | Yrd Mat Sub Distress Signals 2 | . 2 . Communications Jammed . | . . . Distress Signals . | . . . Times Spotted 32 | . 20 12 Peak Tracking Total 4 | . 4 2 Tactical Retreats 2 | . 2 . Traps | -11 -10 -10 ------- Run | Yrd Mat Sub Traps Triggered 5 | . 1 4 Indirectly . | . . . Trap Hack Attempts . | . . . Triggered . | . . . Disarmed . | . . . Reprogrammed . | . . . Reused . | . . . Traps Extracted . | . . . Installed . | . . . Triggered . | . . . Machines | -11 -10 -10 ---------- Run | Yrd Mat Sub Machines Disabled 2 | . 1 1 Max in Single Turn 1 | . 1 1 Machines Repaired . | . . . Machines Dismantled . | . . . Machines Sabotaged . | . . . Overloaded Fab Kills . | . . . Hacking | -11 -10 -10 --------- Run | Yrd Mat Sub Machines Accessed 7 | . 6 1 Terminals 5 | . 5 . Fabricators . | . . . Repair Stations 1 | . 1 . Recycling Units . | . . . Scanalyzers . | . . . Garrison Access . | . . . Total Hacks 15 | . 14 1 Successful 13 | . 12 1 Failed 2 | . 2 . Catastrophic 1 | . 1 . Database Lockouts . | . . . Manual 9 | . 9 . Terminals 12 | . 12 . Fabricators . | . . . Repair Stations 2 | . 2 . Recycling Units . | . . . Scanalyzers . | . . . Garrison Access . | . . . Terminal Hacks 4 | . 3 1 Robot Analysis 1 | . 1 . Branch Access Points 1 | . 1 . Hauler Manifests 1 | . 1 . Derelict Proto ID Bank 1 | . . 1 Fabricator Hacks . | . . . Repair Station Hacks 2 | . 2 . Scan Component 1 | . 1 . Repair 1 | . 1 . Recycling Unit Hacks . | . . . Scanalyzer . | . . . Garrison Access Hacks . | . . . Unauthorized Hacks 7 | . 7 . Terminals 7 | . 7 . Botnet 2 | . 2 . Skim 5 | . 5 . Fabricators . | . . . Repair Stations . | . . . Recycling Units . | . . . Scanalyzers . | . . . Garrison Access . | . . . Data Cores Recovered 1 | . 1 . Used . | . . . Hacking Detections 5 | . 5 . Full Trace Events . | . . . Feedback Events . | . . . Feedback Blocked . | . . . Robot Schematics Acquired . | . . . Robots Built . | . . . Authchips . | . . . Time . | . . . Total Robot Build Rating . | . . . Part Schematics Acquired . | . . . Parts Built . | . . . Authchips . | . . . Time . | . . . Total Part Build Rating . | . . . Parts Repaired 1 | . 1 . Time 26 | . 26 . Parts Recycled . | . . . Recycled Matter . | . . . Retrieved Matter . | . . . Retrieved Components . | . . . Parts Scanalyzed . | . . . Part Schematics Acquired . | . . . Parts Damaged . | . . . Bothacking | -11 -10 -10 ------------ Run | Yrd Mat Sub Used RIF Installer . | . . . Robots Hacked . | . . . Non-combat . | . . . Combat . | . . . Robot Hacks Applied . | . . . Relay Couplers Released . | . . . Fabnet Peak Effective % . | . . . Robots Rewired . | . . . Allies Hacked . | . . . Hacks Repelled . | . . . Allies | -11 -10 -10 -------- Run | Yrd Mat Sub Total Allies . | . . . Largest Group . | . . . Highest-Rated Group . | . . . Highest-Rated Ally . | . . . Total Orders . | . . . Ally Attacks . | . . . Total Damage . | . . . Kills . | . . . Allies Corrupted . | . . . Allies Melted . | . . . Intel | -11 -10 -10 ------- Run | Yrd Mat Sub Robot Analysis Total 1 | . 1 . Derelict Logs Recovered 1 | . . 1 Drone Launches . | . . . Drone Recoveries . | . . . Exploration | -11 -10 -10 ------------- Run | Yrd Mat Sub Turns Passed 7440 | 73 1987 5380 Spaces Moved 2427 | 41 658 1728 Core 12 | 12 . . Treads 2216 | 29 658 1529 Legs . | . . . Wheels 199 | . . 199 Hover . | . . . Flight . | . . . Fastest Speed 50 | 50 160 130 Average Speed 274 | 147 217 299 Slowest Speed 560 | 250 480 560 Overloaded Moves . | . . . Propulsion Burnouts . | . . . Robots Hopped . | . . . Cave-ins Triggered . | . . . Exploration Rate (%) 55 | 3 92 70 Regions Visited 2 Branch Regions 1 Pre-discovered Areas 3 | . 2 1 Known Exits Taken 1 | . 1 . Unknown Exits Taken 1 | 1 . . Scrap Searched 4 | . . 4 Spaces Dug . | . . . Terrain Destroyed 25 | . . 25 Melee . | . . . Projectile 8 | . . 8 AOE 17 | . . 17 Terrain Rammed . | . . . Walls Destroyed . | . . . Machines Disabled . | . . . Actions | -11 -10 -10 --------- Run | Yrd Mat Sub Total 3032 | 51 1132 1849 Wait 397 | . 376 21 Move 2425 | 40 657 1728 Hop . | . . . Pick Up 36 | 3 25 8 Fast Attach 19 | 6 8 5 Attach 11 | . . 11 Detach 3 | . . 3 Swap 13 | 1 5 7 Drop 19 | 1 13 5 Fire 104 | . 48 56 Melee 5 | . . 5 Ram . | . . . Kick . | . . . Crush . | . . . Escape Stasis . | . . . Rewire . | . . . Trap . | . . . Miscellaneous . | . . . Route ------- -11/Scrapyard -10/Materials (discovered 6 exits: *Mat x3 / *Min x2 / *Sub) -10/Subcaves History --------- Turn | Location | Event 17 | -11/Scrapyard | Discovered new exit (range 15) 74 | -11/Scrapyard | Entered Materials 323 | -10/Materials | Build established: Mutant 550 | -10/Materials | Discovered new exit (range 9) 673 | -10/Materials | Repaired Lgt. Treads 720 | -10/Materials | Discovered new exit (range 5) 1190 | -10/Materials | Identified exit to Mines 1419 | -10/Materials | Learned location of Mines (-10) 1489 | -10/Materials | Learned location of Recycling (-8) 1491 | -10/Materials | Identified exit to Materials 1492 | -10/Materials | Learned Storage emergency access door positions 1494 | -10/Materials | Identified exit to Subcaves 2061 | -10/Materials | Entered Subcaves 2099 | -10/Subcaves | A swath of the cavern ceiling suddenly collapsed 2657 | -10/Subcaves | Visited 4L-MR0's lab 2689 | -10/Subcaves | Found Powered Cannon 2690 | -10/Subcaves | Attached Powered Cannon, gained temporary slot: Power 3654 | -10/Subcaves | Lost 3 parts (1p1n1u) 4131 | -10/Subcaves | Core integrity fell below 50% 4482 | -10/Subcaves | Disturbed a concealed Subdweller 4976 | -10/Subcaves | Disturbed a concealed Subdweller 6187 | -10/Subcaves | Learned location of Zion (-7) 6187 | -10/Subcaves | Met a Zionite searching for "candidates" 7118 | -10/Subcaves | Core integrity fell below 20% 7138 | -10/Subcaves | Lost 8 parts (2p2n1u3w) 7441 | -10/Subcaves | Destroyed by Piercing Trap Last Messages --------------- The unstable cave ceiling collapses. ZR-GC0(R) destroyed. IP-DFQ(R) destroyed. Subatomizers dissect the Sub. Monowheel. Acquired Sub. Laser. Acquired 9 matter. The unstable cave ceiling collapses. Acquired Sub. Monowheel. Acquired 14 matter. Subatomizers dissect the Sub. Monowheel. Acquired Sub. Monowheel. Acquired 47 matter. Acquired 61 matter. Acquired 4 matter. Dropped Broken Sub. Beam Cannon. Acquired 19 matter. Acquired 2 matter. Acquired 35 matter. Triggered Piercing Trap. Spikes shoot up from the floor. Map ----- +----------------------------------------------------+ | ?????????????????????####????????# ##"""##???? | | ?????????????????????????????????## ""#####????? | | ??????????????????????????????????## # ###?? # | | ???????????????????????????????????####""#????# | | ??????????????????????????????????????##"##???# # | | ???????????????????????????????????????##"##??# ## | | ???????????????????????????????????????# " ##??##" | | ???????????????????????????????????????## #???## | | ????????????????????????????????????????# ##???? | | ???????????#######??????????????????????### ##??? | | ???????????#"& "#????????????????????????# ###? | | ???????????#&##%%#??????????????????????### ## | | ???????????# ####??????????????????????# # | | ???????????## "###???????????????????#### | | ???????????## ## #??###?????????????## | | ??????????##" " #?## ###???????????#"" ##### | | ????####?## ### # ####?????###### ##### # | | ?#### ### ##????# ""### ## | | ?# ##??##""""## ## | | ?## ## ## #### ""#?#" ###### | | ??# ####### ## #" #?##"" #????? | | ??# ####???# "" ##?# """ ##???? | | ?## ### ## #???# ## " #??# " ##??? | | ?# #?# ## ##### ## ##??#" " #### | | ?# ### ## ^ ## ## #???#"" | | ?# ## @ ### ##??##""" # | | ?## ## ^### ### # #??## "" ## | | ??# ## #?# ## ##??# ##? | | ??# #### ### # ##???## #?? | | ??# #??# ###### ## ###?????## ##? | | ??### #??# #????## ## #?????### #? | | ???## #??###?????# #?????# ##? | | ???# #??????????# #?????# ###?? | | ???## ##????????####### ##????## "#???? | | ????# #######????# # # ######" ##???? | | ????# ## #????## ##" &% #????? | | ????# ## ##?###" % ! ##???? | | ???## ## ### # #### #???? | | ??## #??# ##### ##???? | | ??# #??# #???# #####????? | | ??# ## ##??# ##???# ##????????? | | ??### ###### ## ##???###???## #?????????? | | ????## ##???########??????????# #?????????? | | ?????## #?????????????????????# #?????????? | | ??????# #?????????????????????# ##?????????? | | ?????## #????????????????????## #??????????? | | ???### #????????????????????# #??????????? | | ?### #????????????????????#####??????????? | | ?# #???????????????????????????????????? | | ?## #???????????????????????????????????? | +----------------------------------------------------+ Best States ------------- Heat Dissipation 35 Energy Generation 15 Energy Capacity 400 Matter Stores 300 Matter Capacity 300 Sight Range 16 Terrain Scan Density 10 Armor Coverage 150 Evasion (%) 50 Recoil Reduction 2 Item Schematics ----------------- None Robot Schematics ------------------ None Fabricated ------------ Nothing Alien Tech Used ----------------- None Achievements -------------- None Challenges ------------ None Game ------ Seed StealthSwarmCompactor Manual? 0 Play Time 00:24:18 Cumulative 555.5 hours Start 2024.08.10 @ 16:55:09 End 2024.08.10 @ 17:27:59 Sessions 1 Manual Loads 0 Difficulty Rogue Special Mode None Game No. 308 Rogue 308 Adventurer 0 Explorer 0 Win Type - Total 36 Types 22/2/4/3/1/1/1/1/1 Lore% 95 Gallery% 97 Achievement% 98 Wizard Run 0 Options --------- Layout 1 ASCII 0 Keyboard 0 Movement Numpad Keybinds 0 Fullscreen 1 Font 24/Smallcaps Map View 50x35 Zoom Use 0% Tactical HUD 1 Map Filters NONE Filters NONE Steam 1 RUN: aac46d36-2ed0-4177-9ae8-4a57b18e0a86